 Dungeon Crawl Stone Soup version 0.31-a0-237-g2d982f9f85 (webtiles) character file.

Game seed: 11552138350851257772

121 qw the Shooter (level 4, -4/36 HPs)
             Began as a Minotaur Hexslinger on July 11, 2023.
             Slain by a hobgoblin
             ... wielding a +0 club
              (6 damage)
             ... on level 3 of the Dungeon.
             The game lasted 00:00:55 (2155 turns).

qw the Shooter (Minotaur Hexslinger)                Turns: 2155, Time: 00:00:56

Health: -4/36      AC:  7    Str:  9    XL:     4   Next: 77%
Magic:  4/4        EV: 10    Int:  9    God:
Gold:   136        SH:  0    Dex: 19    Spells: 4/5 levels left

rFire   . . .        Y - +2 sling
rCold   . . .        (no shield)
rNeg    . . .        b - +0 ring mail
rPois   .            i - +2 hat
rElec   .            (no cloak)
rCorr   .            (no gloves)
SInv    .            (no boots)
Will    .....        (no amulet)
Stlth   +            (no ring)
HPRegen 0.26/turn    (no ring)
MPRegen 0.09/turn

%: clarity
@: no status effects
A: horns 2, retaliatory headbutt, agile 1, clarity, weak 1, wild magic 1
a: no special abilities


You were on level 3 of the Dungeon.
You visited 1 branch of the dungeon, and saw 3 of its levels.

You collected 136 gold pieces.


Innate Abilities, Weirdness & Mutations

You have a pair of horns on your head.
You reflexively headbutt those who attack you in melee.
You are agile. (Dex +4, Str/Int -1)
You possess an exceptional clarity of mind.
You are weak. (Str -2)
Your spells are a little harder to cast, but a little more powerful.


   Skills:
 - Level 2.2 Fighting
 + Level 4.7 Ranged Weapons
 - Level 2.1 Armour
 - Level 2.1 Dodging
 - Level 1.0 Spellcasting
 - Level 2.0 Hexes


You had 4 spell levels left.
You knew the following spells:

 Your Spells              Type           Power      Damage    Failure   Level
a - Slow                  Hex            20%        N/A       50%         1

Your spell library contained the following spells:

 Spells                   Type           Power      Damage    Failure   Level
 Inner Flame              Hex/Fire       2%         N/A       93%         3
 Portal Projectile        Hex/Tloc       4%         N/A       93%         3
 Cause Fear               Hex            2%         N/A       99%         4

Inventory:

Hand Weapons
 Y - a +2 sling (weapon)
Armour
 b - a +0 ring mail (worn)
 i - a +2 hat (worn)
Scrolls
 d - 2 scrolls of identify {unknown}
Potions
 a - a potion of berserk rage {unknown}
 e - a potion of magic {unknown}
 f - a potion of might {unknown}

Dungeon Overview and Level Annotations

Branches:
Dungeon (3/15)

Altars:

Shops:
D:1 !


Message History

You shoot a sling bullet.
The sling bullet closely misses the goblin.
The hobgoblin hits you but does no damage.
The hobgoblin hits you with a +0 club. The goblin hits you but does no damage.
You shoot a sling bullet. The sling bullet hits the goblin.
You kill the goblin!
The hobgoblin hits you but does no damage.
The hobgoblin closely misses you.
You shoot a sling bullet.
The sling bullet barely misses the hobgoblin.
The hobgoblin hits you with a +0 club. x2; The hobgoblin closely misses you.
The hobgoblin barely misses you.
You shoot a sling bullet.
The sling bullet barely misses the hobgoblin.
The hobgoblin closely misses you. You furiously retaliate!
You headbutt the hobgoblin.
The hobgoblin hits you but does no damage.
You shoot a sling bullet.
The sling bullet closely misses the hobgoblin.
The hobgoblin hits you but does no damage.
The hobgoblin hits you with a +0 club.
You shoot a sling bullet. The sling bullet hits the hobgoblin.
You kill the hobgoblin!
The hobgoblin closely misses you. x2
You shoot a sling bullet.
The sling bullet barely misses the hobgoblin.
The hobgoblin barely misses you.
You shoot a sling bullet.
The sling bullet closely misses the hobgoblin.
The hobgoblin barely misses you. The hobgoblin hits you with a +0 club.
You shoot a sling bullet. The sling bullet hits the hobgoblin.
The hobgoblin is severely wounded.
The hobgoblin hits you with a +0 club.
You shoot a sling bullet.
The sling bullet barely misses the hobgoblin.
The hobgoblin hits you with a +0 club.
You shoot a sling bullet.
The sling bullet closely misses the hobgoblin.
The hobgoblin misses you. The hobgoblin hits you with a +0 club.
You die...

~~~~~ ~~~~~~~~~~~~....~~~~~~~~~~~
~~~~~~~~~~~~~~~~~~....~~~~~~~~~~~
~~~~~ ~~~~~~~......~~~~~~~~~~
###### ########)'############ ...
#....# .... #.)).#
.....#########....##
...........)#......#
.........).)@......+
...........g#......#
.....#########....## )... #....#
... #....# ## ######


You could see a hobgoblin.

Vanquished Creatures
  Terence (D:3)
  2 adders
  A gnoll (D:3)
  2 worms (D:2)
  2 dart slugs (D:2)
  A ball python (D:3)
  3 bats
  6 endoplasms
  3 giant cockroaches
  8 goblins
  10 hobgoblins
  A quokka (D:2)
  3 frilled lizards (D:2)
  4 kobolds (D:2)
  7 rats
54 creatures vanquished.

Notes
Turn   | Place    | Note
-------+----------+-------------------------------------------
     0 | D:1      | qw the Minotaur Hexslinger began the quest for the Orb.
     0 | D:1      | Reached XP level 1. HP: 16/16 MP: 1/1
     0 | D:1      | 0 ||| qw: Version: 0.3-a-52-g30416fa
     0 | D:1      | 0 ||| qw: Game counter: 5791
     0 | D:1      | 0 ||| qw: Melee chars always use a shield: true
     0 | D:1      | 0 ||| qw: God list: Okawaru
     0 | D:1      | 0 ||| qw: Allow faded altars: false
     0 | D:1      | 0 ||| qw: Do Orc after clearing Dungeon:15 true
     0 | D:1      | 0 ||| qw: Do second Lair branch before Depths: true
     0 | D:1      | 0 ||| qw: Lair rune preference: random
     0 | D:1      | 0 ||| qw: Goals: Normal
     0 | D:1      | 0 ||| PLANNING D:1-11
    14 | D:1      | Found Ukeuffon's Distillery.
    23 | D:1      | 23 ||| SHOPLISTING 2 potions of heal wounds (120 gold, have
                  | 0).
    23 | D:1      | 23 ||| SHOPLISTING potion of curing (36 gold, have 0).
    23 | D:1      | 23 ||| SHOPLISTING potion of heal wounds (60 gold, have 0).
    23 | D:1      | 23 ||| SHOPLISTING potion of might (48 gold, have 0).
    23 | D:1      | 23 ||| SHOPLISTING potion of mutation (96 gold, have 0).
   255 | D:1      | Reached skill level 3 in Ranged Weapons
   255 | D:1      | Reached XP level 2. HP: 23/23 MP: 2/2
   626 | D:1      | 626 ||| UPGRADING to +0 leather armour.
   636 | D:1      | 636 ||| DROPPING +0 robe.
   637 | D:1      | 637 ||| UPGRADING to +2 hat.
   642 | D:1      | 642 ||| READING scroll labelled ESCHEE WAJUINAPS.
   643 | D:1      | 643 ||| READING scroll labelled FIDWIOXK RATUK.
   644 | D:1      | 644 ||| DROPPING scroll of poison.
   663 | D:2      | 663 ||| STAIRDANCE
   881 | D:2      | Reached XP level 3. HP: 29/29 MP: 3/3
  1127 | D:2      | Found a faded altar of an unknown god.
  1164 | D:2      | Reached skill level 4 in Ranged Weapons
  1199 | D:2      | Identified the +5 dagger of Fear {speed, rPois rC+ Dex+3}
  1288 | D:2      | HP: 7/29 [worm (8)]
  1495 | D:2      | 1495 ||| UPGRADING to +0 ring mail.
  1505 | D:2      | 1505 ||| DROPPING +0 leather armour.
  1506 | D:2      | 1506 ||| DRINKING 2 bubbling white potions.
  1506 | D:2      | Gained mutation: You are frail. (-10% HP) [potion of
                  | mutation]
  1507 | D:2      | 1507 ||| DRINKING potion of mutation.
  1507 | D:2      | Lost mutation: You are frail. (-10% HP) [potion of
                  | mutation]
  1507 | D:2      | Gained mutation: You possess an exceptional clarity of
                  | mind. [potion of mutation]
  1507 | D:2      | Gained mutation: You are weak. (Str -2) [potion of
                  | mutation]
  1507 | D:2      | Gained mutation: You are agile. (Dex +4, Str/Int -1)
                  | [potion of mutation]
  1507 | D:2      | Gained mutation: Your spells are a little harder to cast,
                  | but a little more powerful. [potion of mutation]
  1517 | D:2      | 1517 ||| DRINKING 2 viscous ruby potions.
  1627 | D:3      | Reached XP level 4. HP: 36/36 MP: 4/4
  1697 | D:3      | Found a faded altar of an unknown god.
  1846 | D:3      | Noticed Terence
  1851 | D:3      | 1851 ||| DRINKING potion of curing.
  1851 | D:3      | 1851 ||| (to cure poison)
  1853 | D:3      | 1853 ||| FLEEEEING.
  1854 | D:3      | 1854 ||| FLEEEEING.
  1857 | D:3      | 1857 ||| READING scroll labelled RAUGYE YTOSSIA.
  1870 | D:3      | 1870 ||| FLEEEEING.
  1871 | D:3      | 1871 ||| FLEEEEING.
  1873 | D:3      | 1873 ||| FLEEEEING.
  1881 | D:3      | Killed Terence
  1884 | D:3      | HP: 9/36 [poisoned by Terence]
  2135 | D:3      | 2135 ||| FLEEEEING.
  2136 | D:3      | 2136 ||| FLEEEEING.
  2137 | D:3      | 2137 ||| FLEEEEING.
  2138 | D:3      | 2138 ||| FLEEEEING.
  2139 | D:3      | 2139 ||| FLEEEEING.
  2147 | D:3      | HP: 8/36 [hobgoblin/+0 club (2)]
  2152 | D:3      | HP: 4/36 [hobgoblin/+0 club (3)]
  2155 | D:3      | Slain by a hobgoblin

Levels and vault maps discovered:
D:1:      dpeg_arrival_houses_and_road, layout_basic, serial_shops,
          nicolae_shop_statue_plus
D:2:      layout_loops_ring, ebering_ecumenical_altar_hall
D:3:      minmay_goblin_kobold_castle, layout_loops_cross,
          nicolae_overflow_ecumenical_swirl, uniq_terence

Skill      XL: |  1  2  3  4 |
---------------+-------------+-----
Ranged Weapons | 3 4 |  4.7
Fighting       | 2 |  2.2
Armour         | 2 |  2.1
Dodging        | |  2.1
Spellcasting   | |  1.0
Hexes          | |  2.0

Action                     |  1- 3 |  4- 6 || total
---------------------------+-------+-------++-------
   Fire: Sling             |   129 |    59 ||   188
    Use: Scroll            |     2 |     1 ||     3
         Potion            |     3 |     1 ||     4
 Armour: Leather armour    |    11 |       ||    11
         Ring mail         |       |    14 ||    14
  Dodge: Dodged            |    24 |    29 ||    53

Table legend:
 A = Non-vault XP
 B = Vault XP
 C = Vault XP percentage of total XP
 D = Non-vault monster count
 E = Vault monster count
 F = Vault count percentage of total count
                 A         B        C        D         E       F
            +---------+---------+-------+---------+---------+-------
      Total |     108 |      66 |  37.9 |      44 |      10 |  18.5
            +---------+---------+-------+---------+---------+-------
        D:1 |      28 |       0 |   0.0 |       9 |       0 |   0.0
        D:2 |      66 |       0 |   0.0 |      27 |       0 |   0.0
        D:3 |      14 |      66 |  82.5 |       8 |      10 |  55.6
            +---------+---------+-------+---------+---------+-------
